 Dungeon Crawl Stone Soup version 0.20-a0-739-g6bb112f (webtiles) character file.

716 Colliwobble the Cleaver (level 7, 0/57 HPs)
             Began as a Minotaur Fighter on Feb 24, 2017.
             Killed by nerve-wracking pain
             ... invoked by Grinder
              (9 damage)
             ... on level 5 of the Dungeon on Feb 25, 2017.
             The game lasted 00:04:23 (2144 turns).

Colliwobble the Cleaver (Minotaur Fighter)          Turns: 2144, Time: 00:04:24

Health: 0/57       AC:  6    Str: 28    XL:     7   Next: 41%
Magic:  6/6        EV: 10    Int:  5    God:
Gold:   114        SH:  0    Dex:  9    Spells: 6/6 levels left

rFire    . . .     SeeInvis .   a - +0 battleaxe
rCold    . . .     Gourm    .   m - +0 scale mail
rNeg     . . .     Faith    .   (shield currently unavailable)
rPois    .         Spirit   .   (helmet restricted)
rElec    .         Reflect  .   (no cloak)
rCorr    .         Harm     .   (no gloves)
MR       .....                  (no boots)
Stlth    ..........             (no amulet)
Regen    0.2/turn               (no ring)
MPRegen  0.1/turn               (no ring)

@: mighty
A: retaliatory headbutt, horns 2
a: no special abilities


You were on level 5 of the Dungeon.
You were not hungry.

You visited 1 branch of the dungeon, and saw 5 of its levels.

You collected 114 gold pieces.

Inventory:

Hand Weapons
 a - a +0 battleaxe (weapon)
 b - a +0 shortbow
Missiles
 r - 67 arrows
Armour
 m - a +0 scale mail (worn)
Scrolls
 c - a scroll of fog {unknown}
 e - 3 scrolls of identify {unknown}
 h - a scroll of teleportation {unknown}
 j - 4 scrolls of remove curse {unknown}
 l - 2 scrolls of amnesia {unknown}
Potions
 d - a potion of might
 k - 3 potions of heal wounds {unknown}
 p - a potion of haste {unknown}
Comestibles
 f - 5 bread rations
 g - 6 chunks of flesh
 i - 3 fruits
 o - a royal jelly


   Skills:
 - Level 3.6 Fighting
 + Level 10.1 Axes
 - Level 3.6 Armour
   Level 3.6 Shields


You had 6 spell levels left.
You didn't know any spells.

Dungeon Overview and Level Annotations

Branches:
Dungeon (6/15)
 Temple: D:4-7

Altars:

Annotations:
D:5 Grinder


Innate Abilities, Weirdness & Mutations

You reflexively headbutt those who attack you in melee.
You have a pair of horns on your head.


Message History

Your Axes skill increases to level 10!
Things that are here:
the human corpse of Prince Ribbit; a leopard gecko corpse Butcher a leopard gecko corpse? [(y)es/(c)hoosy/(n)o/(a)ll/(e)dible/(q)uit/?]
Butcher the human corpse of Prince Ribbit? [(y)es/(c)hoosy/(n)o/(a)ll/(e)dible/(q)uit/?]
You butcher the human corpse of Prince Ribbit.
Grinder comes into view.
Things that are here:
3 chunks of flesh; a leopard gecko corpse
Okay, then.
Grinder shouts!
Grinder gestures at you.
You struggle to resist.
A big kobold comes into view. It is wielding a short sword.
The big kobold throws a stone.
The stone hits you but does no damage.
You see here a stone.
The big kobold throws a stone.
The stone closely misses you. Grinder gestures at you.
Pain shoots through your body!
You die...

..#..#...#.#..#.# #...##....####
.....#..........# #...##....#
.....#...#.##..#####.####....####
...........5.....................
##########.#...K####.#....(.#####
#.%..5....#(...####'#......#
#.#########....)...).......# #'
#............###.# 5.
####.@.......# #.# ...
#.........# #<# .). ###..#)####
#.# ... ##.#.# .# ... #...# ##..#
####).# #).).># #.#####


You could see Grinder and a big kobold.

Vanquished Creatures
  Prince Ribbit (D:5)
  3 centaurs (D:5)
  A bullfrog zombie (D:5)
  Ijyb (D:2)
  3 orc wizards (D:5)
  A worker ant (D:5)
  Robin (D:2)
  2 adders
  A gnoll (D:1)
  2 oozes
  3 worms
  3 leopard geckos
  5 orcs (D:5)
  2 ball pythons
  2 giant cockroaches (D:1)
  10 goblins
  11 hobgoblins
  5 jackals
  4 kobolds
  8 bats
  6 frilled lizards
  A quokka skeleton (D:5)
  4 rats
80 creatures vanquished.

Notes
Turn   | Place    | Note
-------+----------+-------------------------------------------
     0 | D:1      | Colliwobble the Minotaur Fighter began the quest for the Orb.
     0 | D:1      | Reached XP level 1. HP: 19/19 MP: 0/0
    16 | D:1      | Reached skill level 3 in Axes
    52 | D:1      | Reached XP level 2. HP: 26/26 MP: 1/1
   236 | D:1      | Reached skill level 4 in Axes
   566 | D:1      | Reached XP level 3. HP: 31/31 MP: 2/2
   848 | D:2      | Noticed Ijyb
   865 | D:2      | Killed Ijyb
   865 | D:2      | Reached skill level 5 in Axes
   865 | D:2      | Reached XP level 4. HP: 37/39 MP: 3/3
   903 | D:2      | Noticed Robin
   912 | D:2      | Killed Robin
  1079 | D:2      | Reached skill level 6 in Axes
  1337 | D:3      | You fall through a shaft for 3 floors!
  1392 | D:5      | Entered Level 5 of the Dungeon
  1400 | D:5      | Noticed a centaur
  1419 | D:5      | Killed a centaur
  1419 | D:5      | Reached skill level 7 in Axes
  1419 | D:5      | Reached XP level 5. HP: 23/45 MP: 4/4
  1468 | D:5      | Reached XP level 6. HP: 25/51 MP: 5/5
  1643 | D:5      | Reached skill level 8 in Axes
  2058 | D:5      | Reached skill level 9 in Axes
  2079 | D:5      | Reached XP level 7. HP: 49/57 MP: 6/6
  2113 | D:5      | Noticed Prince Ribbit
  2129 | D:5      | Killed Prince Ribbit
  2129 | D:5      | Reached skill level 10 in Axes
  2132 | D:5      | Noticed Grinder
  2144 | D:5      | Killed from afar by Grinder

Vault maps used:
D:1:      saegor_arrival_simple_a, hex_tiny
D:2:      grunt_ministairs_8, uniq_iyjb, uniq_robin
D:3:      led_sif_book
D:5:      slow_altar_2, first_bread, uniq_edmund, uniq_prince_ribbit1,
          uniq_grinder, uniq_menkaure
D:6:      nemelex_xobeh_ov_fountains_minmay, nrook_mini_vaults,
          due_unseen_surprise

Skill      XL: |  1  2  3  4  5  6  7 |
---------------+----------------------+-----
Axes           | 3 4 5 7 9 10 | 10.1
Fighting       | |  3.6
Armour         | |  3.6
Shields        | |  3.6

Action                   |  1- 3 |  4- 6 |  7- 9 || total
-------------------------+-------+-------+-------++-------
Melee: War axe           |    65 |    56 |       ||   121
       Headbutt          |    11 |    20 |     1 ||    32
       Battleaxe         |       |    53 |     8 ||    61
  Use: Potion            |       |       |     1 ||     1
  Eat: Chunk             |       |     4 |       ||     4
Armor: Scale mail        |    40 |    51 |     3 ||    94
Dodge: Dodged            |    29 |    46 |     7 ||    82
Block: Shield            |    28 |    28 |       ||    56
